 Dungeon Crawl Stone Soup version 0.23.2-1-ga50397a (webtiles) character file.

Game seed: 16028618283525792128

14436 Queaw the Fighter (level 11, -10/156 HPs)
             Began as a Minotaur Hunter on May 15, 2019.
             Was a High Priest of Nemelex Xobeh.
             Mangled by a torpor snail (15 damage)
             ... on level 2 of the Lair of Beasts on May 16, 2019.
             The game lasted 04:02:41 (15840 turns).

Queaw the Fighter (Minotaur Hunter)                Turns: 15840, Time: 04:02:41

Health: -10/156    AC: 25    Str: 18    XL:     11   Next: 88%
Magic:  13/13      EV:  2    Int:  8    God:    Nemelex Xobeh [*****.]
Gold:   484        SH:  0    Dex: 14    Spells: 10/10 levels left

rFire    + . .     SeeInvis .   w - +4 quarterstaff (chaos)
rCold    . . .     Gourm    +   (shield currently unavailable)
rNeg     + + +     Faith    .   (armour currently unavailable)
rPois    +         Spirit   .   (helmet currently unavailable)
rElec    +         Reflect  .   (cloak currently unavailable)
rCorr    .         Harm     .   (gloves currently unavailable)
MR       .....     NoTele   +   (boots currently unavailable)
Stlth    ++........             F - amulet of the gourmand
HPRegen  0.36/turn              X - ring of Guefuhed {rElec rPois rF+ rN+++ Dex-3}
MPRegen  0.13/turn              a - +4 ring of dexterity

@: tree-form, sleeping
A: (retaliatory headbutt)
a: Draw Escape, Draw Destruction, Draw Summoning, Triple Draw, Deal Four, Stack
Five, Renounce Religion


You were on level 2 of the Lair of Beasts.
You worshipped Nemelex Xobeh.
Nemelex Xobeh was extremely pleased with you.
You were full.
You were a tree.
You visited 4 branches of the dungeon, and saw 15 of its levels.
You also visited: Sewer.

You collected 772 gold pieces.
You spent 288 gold pieces at shops.

Inventory:

Hand Weapons
 w - a +4 quarterstaff of chaos (weapon)
 A - a +0 blowgun
 B - a +0 shortbow
Missiles
 s - 65 poisoned needles
 v - 4 needles of sleeping
 y - 192 arrows
 Q - 37 bolts
Armour
 q - a +3 leather armour (melded)
 z - a +2 cloak (melded)
 H - a +2 pair of gloves (melded)
 W - a +1 pair of boots (melded)
Jewellery
 a - a +4 ring of dexterity (right branch)
 j - an uncursed ring of positive energy
 p - an uncursed ring of fire
 F - an amulet of the gourmand (around neck)
 R - an uncursed amulet of magic regeneration
 S - an uncursed ring of wizardry
 X - the ring of Guefuhed (left branch) {rElec rPois rF+ rN+++ Dex-3}
   (You found it on level 2 of the Lair of Beasts)

   [ring of protection from fire]

   It affects your dexterity (-3).
   It protects you from fire.
   It insulates you from electricity.
   It protects you from poison.
   It renders you almost immune to negative energy.
Wands
 l - a wand of acid (24)
 I - a wand of flame (39)
 O - a wand of digging (14)
 T - a wand of polymorph (4)
Scrolls
 c - 3 scrolls of magic mapping
 e - 13 scrolls of remove curse
 g - 4 scrolls of immolation
 h - 5 scrolls of noise
 o - 8 scrolls of teleportation
 r - 3 scrolls of fog
 t - a scroll of vulnerability {unknown}
 D - a scroll of enchant weapon {unknown}
 K - a scroll of summoning {unknown}
 P - 4 scrolls of amnesia {unknown}
 U - a scroll of silence {unknown}
 Z - 3 scrolls of identify
Potions
 b - 2 potions of ambrosia {unknown}
 d - a potion of resistance {unknown}
 i - a potion of invisibility {unknown}
 k - 2 potions of flight
 m - a potion of curing
 n - 3 potions of degeneration
 u - 2 potions of agility
 x - 2 potions of lignification
 E - a potion of brilliance {unknown}
 G - a potion of mutation {unknown}
 J - 2 potions of cancellation {unknown}
 L - 2 potions of might
 M - a potion of berserk rage {unknown}
 N - 2 potions of haste {unknown}
 V - a potion of magic {unknown}
Comestibles
 f - 28 rations


   Skills:
 + Level 11.8 Fighting
   Level 0.2 Short Blades
   Level 1.0(7.3) Polearms
 + Level 11.3 Staves
 + Level 9.7 Bows
   Level 7.0 Crossbows
 - Level 5.2 Armour
 * Level 7.2 Dodging
 - Level 2.0 Stealth
 + Level 4.1 Invocations


You had 10 spell levels left.
You didn't know any spells.
Your spell library contained the following spells:

 Spells                   Type           Power        Failure   Level  Hunger
 Apportation              Tloc           #.....       41%         1    ##.....
 Corona                   Hex            #......      41%         1    ##.....
 Sandblast                Erth           #.....       41%         1    ##.....
 Summon Butterflies       Summ           #.......     41%         1    ##.....
 Summon Small Mammal      Summ           #...         41%         1    ##.....
 Call Imp                 Summ           #.......     54%         2    ###....
 Ensorcelled Hibernation  Hex/Ice        #.....       54%         2    ###....
 Passwall                 Tmut/Erth      #.......     54%         2    ###....
 Call Canine Familiar     Summ           #.......     78%         3    ####...
 Confuse                  Hex            #.......     78%         3    ####...
 Dazzling Spray           Conj/Hex       #.....       78%         3    ####...
 Lesser Beckoning         Tloc           #.........   78%         3    ####...
 Stone Arrow              Conj/Erth      #.....       78%         3    ####...
 Summon Guardian Golem    Hex/Summ       #.......     78%         3    ####...
 Tukima's Dance           Hex            #.......     78%         3    ####...
 Petrify                  Tmut/Erth      #.......     99%         4    #####..
 Summon Ice Beast         Ice/Summ       #.......     99%         4    #####..
 Summon Lightning Spire   Summ/Air       #.......     99%         4    #####..
 Alistair's Intoxication  Tmut/Pois      #.......     100%        5    ######.
 Lee's Rapid Deconstruct  Erth           #.........   100%        5    ######.
 Invisibility             Hex            #.......     100%        6    #######


Dungeon Overview and Level Annotations

Branches:
Dungeon (10/15)            Temple (1/1) D:7            Lair (3/6) D:10
 Shoals (1/4) Lair:2
  Snake: Lair:2-4    Spider: Lair:2-4       Orc: D:9-12

Altars:
Ashenzari
Cheibriados
Dithmenos
Elyvilon
Fedhas
Gozag
Hepliaklqana
Kikubaaqudgha
Makhleb
Nemelex Xobeh
Okawaru
Qazlal
Ru
Sif Muna
Trog
Uskayaw
Vehumet
Wu Jian
Xom
Yredelemnul
Zin
The Shining One

Shops:
D:7 }   D:8 (

Portals:
Trove: D:10 (give +4 fire dragon scales)

Annotations:
Lair:3 Rupert


Innate Abilities, Weirdness & Mutations

((You reflexively headbutt those who attack you in melee.))
((You have a pair of horns on your head.))


Message History

You feel yourself speed up.
The dream sheep bites you but does no damage. x2
The torpor snail bites you.
* * * LOW HITPOINT WARNING * * *
Being near the torpor snail leaves you feeling lethargic.
The dream sheep shake their wool and sparkle.
You feel drowsy...
You fall asleep.
Queaw's illusion hits the dream sheep.
You feel yourself speed up.
The dream sheep bites Queaw's illusion.
The dream sheep bites you but does no damage.
The torpor snail bites you but does no damage.
Being near the torpor snail leaves you feeling lethargic.
You feel yourself speed up.
The dream sheep misses Queaw's illusion.
Queaw's illusion closely misses the dream sheep.
The dream sheep bites you but does no damage.
The dream sheep bites Queaw's illusion.
The torpor snail bites you!
You die...
Your body glows with a rainbow of weird colours and disappears.

#P...##...#......##
##........(#.....#.
#....#...##......#
##...##...##......+
#....###.###.....##
##...####.##.....##
#.................
#.Y...............
#♣Y...............
##w@...............
#P.................
##.................
#...###.P.........#
##..P##.#.#........
#..##............#
##..##....#.......P
#...##..........#.#


You could see a torpor snail, 2 dream sheep and the friendly Queaw's illusion.

Vanquished Creatures
  7 spiny frogs
  4 komodo dragons
  7 blink frogs (Lair:1)
  A meliai zombie (D:10)
  A snapping turtle (Lair:2)
  2 dream sheep
  A hippogriff (D:8)
  A vampire (D:9)
  4 yaks
  A wyvern (D:7)
  A steam dragon (D:6)
  2 hungry ghosts
  Menkaure (D:5)
  6 water moccasins
  A slave (D:7)
  An orc warrior (D:6)
  4 porcupines
  3 sky beasts
  3 ogres
  An ice beast (D:7)
  2 black bears
  An eye of draining (D:10)
  2 necrophages
  6 centaurs
  2 crocodiles
  12 bullfrogs
  4 scorpions
  5 killer bees (D:9)
  3 wights (D:8)
  4 howler monkeys
  6 crimson imps
  3 bullfrog zombies
  A gnoll shaman (D:5)
  5 jellies
  An orc priest (D:8)
  Crazy Yiuf (D:2)
  2 bullfrog skeletons
  12 hounds
  7 orc wizards
  4 iguanas
  11 worker ants
  3 big kobold zombies (Sewer)
  A hound skeleton (D:6)
  A worker ant zombie (D:5)
  Robin (D:2)
  6 gnolls
  20 adders
  3 howler monkey skeletons
  A river rat (D:9)
  4 shadow imps
  3 ufetubi (Sewer)
  8 oozes
  2 adder skeletons (D:5)
  3 adder zombies
  4 worms
  2 dart slugs (D:2)
  9 leopard geckos
  24 orcs
  A ball python (D:4)
  8 giant cockroaches
  22 goblins
  13 hobgoblins
  7 jackals
  16 kobolds
  3 quokkas
  9 bats
  4 frilled lizards
  A giant cockroach zombie (Sewer)
  A quokka skeleton (D:7)
  7 rats
  5 fungi
  5 plants
343 creatures vanquished.

Vanquished Creatures (collateral kills)
  A two-headed ogre (D:9)
  Nergalle (D:10)
  Pikel (D:7)
  Eustachio (D:5)
  A warg (D:4)
  An ice beast (D:8)
  A slave (D:7)
  A scorpion (Lair:2)
  A crimson imp (D:7)
  A quasit (Sewer)
  A hound (D:9)
  An orc priest (D:8)
  2 gnolls (D:4)
  A dart slug (D:4)
  6 orcs
  3 giant cockroaches (Sewer)
  A hobgoblin (D:4)
  3 kobolds (Sewer)
  A kobold zombie (Sewer)
29 creatures vanquished.

Vanquished Creatures (others)
  A blink frog (Lair:1)
  A necrophage (D:6)
  An orc wizard (D:6)
  An iguana (D:6)
  An adder (D:6)
  2 orcs (D:6)
  A goblin (D:6)
8 creatures vanquished.

Grand Total: 380 creatures vanquished

Notes
Turn   | Place    | Note
-------+----------+-------------------------------------------
     0 | D:1      | Queaw the Minotaur Hunter began the quest for the Orb.
     0 | D:1      | Reached XP level 1. HP: 18/18 MP: 0/0
    52 | D:1      | Reached skill level 5 in Crossbows
    52 | D:1      | Reached XP level 2. HP: 25/25 MP: 1/1
   612 | D:1      | Reached XP level 3. HP: 27/30 MP: 2/2
  1310 | D:2      | Reached skill level 1 in Armour
  1368 | D:2      | Noticed Robin
  1380 | D:2      | Killed Robin
  1380 | D:2      | Reached XP level 4. HP: 29/37 MP: 3/3
  1382 | D:2      | Reached skill level 1 in Stealth
  1576 | D:2      | Found a sparkling altar of Nemelex Xobeh.
  1581 | D:2      | Became a worshipper of Nemelex Xobeh the Trickster
  1659 | D:2      | Received a gift from Nemelex Xobeh
  1730 | D:2      | Found a runed translucent door.
  1731 | D:2      | Noticed Crazy Yiuf
  1738 | D:2      | Killed Crazy Yiuf
  1738 | D:2      | Reached XP level 5. HP: 45/45 MP: 4/4
  2612 | D:3      | Found a glowing drain.
  2616 | Sewer    | Entered a sewer
  2662 | Sewer    | Reached XP level 6. HP: 50/52 MP: 5/5
  2747 | Sewer    | Reached skill level 1 in Staves
  2781 | Sewer    | Found a burning altar of Makhleb.
  3112 | D:3      | Reached * piety under Nemelex Xobeh
  3273 | D:3      | Received a gift from Nemelex Xobeh
  3936 | D:4      | Noticed a warg
  3936 | D:4      | an ogre changed into a warg
  3943 | D:4      | Killed a warg
  3943 | D:4      | Reached XP level 7. HP: 55/60 MP: 6/6
  4096 | D:4      | Received a gift from Nemelex Xobeh
  4298 | D:4      | Reached skill level 5 in Fighting
  4362 | D:4      | Reached skill level 5 in Staves
  4618 | D:4      | Found a glowing silver altar of Zin.
  4618 | D:4      | Found a glowing golden altar of the Shining One.
  4781 | D:5      | Entered Level 5 of the Dungeon
  4798 | D:5      | Noticed Eustachio
  4937 | D:5      | Reached skill level 1 in Bows
  4937 | D:5      | Reached XP level 8. HP: 63/69 MP: 7/7
  5089 | D:5      | Reached ** piety under Nemelex Xobeh
  5158 | D:5      | Noticed Menkaure
  5165 | D:5      | Killed Menkaure
  5393 | D:5      | Received a gift from Nemelex Xobeh
  5826 | D:5      | Killed Eustachio
  6039 | D:6      | You fall through a shaft for 3 floors!
  6284 | D:7      | Received a gift from Nemelex Xobeh
  6769 | D:6      | Reached XP level 9. HP: 70/79 MP: 8/8
  7121 | D:6      | Found a stormy altar of Qazlal.
  7134 | D:6      | Received a gift from Nemelex Xobeh
  7174 | D:6      | Reached skill level 5 in Dodging
  7869 | D:7      | Noticed Pikel
  8182 | D:7      | Found Nujuhogh's Gadget Shop.
  8189 | D:7      | Bought a wand of digging (8) for 288 gold pieces
  8199 | D:7      | Found an opulent altar of Gozag.
  8199 | D:7      | Found a shimmering altar of Xom.
  8199 | D:7      | Found a bloodstained altar of Trog.
  8199 | D:7      | Found a shattered altar of Ashenzari.
  8202 | D:7      | Found a deep blue altar of Sif Muna.
  8247 | D:7      | Found a staircase to the Ecumenical Temple.
  8255 | Temple   | Entered the Ecumenical Temple
  8439 | D:7      | Found a burning altar of Makhleb.
  8500 | D:8      | Reached *** piety under Nemelex Xobeh
  9009 | D:8      | Reached skill level 1 in Polearms
  9032 | D:8      | Reached skill level 1 in Invocations
  9171 | D:8      | Reached XP level 10. HP: 90/93 MP: 9/9
  9227 | D:8      | Found Tiuddent's Antique Weapon Shop.
  9632 | D:9      | Noticed a two-headed ogre
  9822 | D:9      | Received a gift from Nemelex Xobeh
  9960 | D:9      | Reached skill level 10 in Fighting
 10217 | D:9      | Found a blossoming altar of Fedhas.
 10290 | D:9      | Reached skill level 5 in Bows
 10361 | D:9      | Killed a two-headed ogre
 10615 | D:9      | Received a gift from Nemelex Xobeh
 10922 | D:7      | Killed Pikel
 11252 | D:10     | Entered Level 10 of the Dungeon
 11656 | D:10     | Noticed Nergalle
 11836 | D:10     | Reached **** piety under Nemelex Xobeh
 11836 | D:10     | Received a gift from Nemelex Xobeh
 12248 | D:10     | Found a portal to a secret trove of treasure.
 12267 | D:10     | Killed Nergalle
 12267 | D:10     | Reached XP level 11. HP: 90/101 MP: 11/13
 12456 | D:10     | Found a staircase to the Lair.
 12562 | Lair:1   | Entered Level 1 of the Lair of Beasts
 12806 | Lair:1   | Reached skill level 10 in Staves
 13533 | Lair:1   | Reached skill level 5 in Armour
 14536 | Lair:2   | Received a gift from Nemelex Xobeh
 14539 | Lair:2   | Got a wavering silver ring
 14543 | Lair:2   | Identified the ring of Guefuhed {rElec rPois rF+ rN+++
                  | Dex-3} (You found it on level 2 of the Lair of Beasts)
 14573 | Lair:2   | Reached ***** piety under Nemelex Xobeh
 14896 | Lair:2   | Noticed a fire dragon
 15028 | Lair:2   | Found a staircase to the Shoals.
 15520 | Shoals:1 | Entered Level 1 of the Shoals
 15574 | Lair:3   | Noticed Rupert
 15837 | Lair:2   | HP: 4/156 [torpor snail (6)]
 15840 | Lair:2   | Mangled by a torpor snail

Skill      XL: |  1  2  3  4  5  6  7  8  9 10 11 |
---------------+----------------------------------+-----
Crossbows      | 5 6 7 |  7.0
Armour         | 1 2 3 4 5 |  5.2
Stealth        | 1 2 |  2.0
Fighting       | 3 4 5 7 9 10 11 | 11.8
Staves         | 3 5 7 8 9 11 | 11.3
Dodging        | 3 4 5 6 7 |  7.2
Bows           | 1 4 7 9 |  9.7
Polearms       | 1 |  1.0
Invocations    | 1 4 |  4.1
Short Blades   | |  0.2

Action                   |  1- 3 |  4- 6 |  7- 9 | 10-12 || total
-------------------------+-------+-------+-------+-------++-------
Melee: Short sword       |       |     3 |       |       ||     3
       Headbutt          |       |    19 |    23 |    66 ||   108
       Quarterstaff      |       |   115 |   113 |   260 ||   488
       Glaive            |       |       |     9 |       ||     9
 Fire: Hand crossbow     |    64 |    87 |       |       ||   151
       Blowgun           |       |    27 |    40 |       ||    67
       Shortbow          |       |       |   198 |   228 ||   426
 Abil: Draw Destruction  |       |     5 |    26 |    18 ||    49
       Draw Summoning    |       |     2 |     3 |     5 ||    10
       Draw Escape       |       |       |       |     5 ||     5
  Use: Scroll            |     1 |     4 |     6 |     9 ||    20
       Potion            |       |       |     1 |     7 ||     8
 Stab: Sleeping          |       |     4 |       |       ||     4
       Confused          |       |       |       |     1 ||     1
       Petrified         |       |       |       |     1 ||     1
  Eat: Chunk             |     1 |     4 |    21 |    29 ||    55
       Ration            |       |     2 |     1 |       ||     3
Armor: Leather armour    |     6 |    46 |    67 |    81 ||   200
       Skin              |       |       |       |    67 ||    67
Dodge: Dodged            |    20 |    96 |   163 |   221 ||   500
